Workbook

Sheet Assumptions
A1: 3-Statement Financial Model — Assumptions
A2: Change any yellow cell. The Income Statement, Balance Sheet, and Cash Flow Statement all recalculate automatically.
A4: Revenue & Growth
A5: Starting Monthly Revenue ($) | B5: 20000
A6: Monthly Revenue Growth Rate (%) | B6: 0.04
A8: Cost of Goods Sold
A9: COGS (% of Revenue) | B9: 0.35
A11: Fixed Monthly Operating Expenses
A12: Rent ($) | B12: 2000
A13: Salaries & Wages ($) | B13: 6000
A14: Marketing ($) | B14: 1500
A15: Software & Subscriptions ($) | B15: 300
A16: Insurance ($) | B16: 400
A17: Other Operating Expenses ($) | B17: 500
A19: Fixed Assets & Depreciation
A20: Initial Fixed Asset Purchase ($) | B20: 12000
A21: Useful Life (Months) | B21: 60
A23: Working Capital
A24: Accounts Receivable Days | B24: 20
A25: Inventory Days (of COGS) | B25: 15
A26: Accounts Payable Days | B26: 15
A28: Debt
A29: Starting Loan Balance ($) | B29: 15000
A30: Annual Interest Rate (%) | B30: 0.08
A31: Fixed Monthly Debt Payment ($) | B31: 500
A33: Owner & Equity
A34: Owner's Initial Capital Contribution ($) | B34: 20000
A35: Owner's Monthly Draw ($) | B35: 3000
A37: Tax
A38: Effective Tax Rate (%) | B38: 0.21
A40: Calculated Opening Cash Balance
A41: Opening Cash = Capital + Loan − Fixed Asset Purchase ($) | B41: =B34+B29-B20

Sheet Income Statement
A1: Income Statement (12-Month)
A2: Fully driven by the Assumptions tab.
B4: Month 1 | C4: Month 2 | D4: Month 3 | E4: Month 4 | F4: Month 5 | G4: Month 6 | H4: Month 7 | I4: Month 8 | J4: Month 9 | K4: Month 10 | L4: Month 11 | M4: Month 12
A5: Revenue ($) | B5: ='Assumptions'!$B$5 | C5: =B5*(1+'Assumptions'!$B$6) | D5: =C5*(1+'Assumptions'!$B$6) | E5: =D5*(1+'Assumptions'!$B$6) | F5: =E5*(1+'Assumptions'!$B$6) | G5: =F5*(1+'Assumptions'!$B$6) | H5: =G5*(1+'Assumptions'!$B$6) | I5: =H5*(1+'Assumptions'!$B$6) | J5: =I5*(1+'Assumptions'!$B$6) | ... M5: =L5*(1+'Assumptions'!$B$6)
A6: Cost of Goods Sold (COGS) ($) | B6: =B5*'Assumptions'!$B$9 | C6: =C5*'Assumptions'!$B$9 | D6: =D5*'Assumptions'!$B$9 | E6: =E5*'Assumptions'!$B$9 | F6: =F5*'Assumptions'!$B$9 | G6: =G5*'Assumptions'!$B$9 | H6: =H5*'Assumptions'!$B$9 | I6: =I5*'Assumptions'!$B$9 | ... M6: =M5*'Assumptions'!$B$9
A7: Gross Profit ($) | B7: =B5-B6 | C7: =C5-C6 | D7: =D5-D6 | E7: =E5-E6 | F7: =F5-F6 | G7: =G5-G6 | H7: =H5-H6 | I7: =I5-I6 | ... M7: =M5-M6
A9: Operating Expenses
A10: Rent ($) | B10: ='Assumptions'!$B$12 | C10: ='Assumptions'!$B$12 | D10: ='Assumptions'!$B$12 | E10: ='Assumptions'!$B$12 | F10: ='Assumptions'!$B$12 | G10: ='Assumptions'!$B$12 | H10: ='Assumptions'!$B$12 | I10: ='Assumptions'!$B$12 | ... M10: ='Assumptions'!$B$12
A11: Salaries & Wages ($) | B11: ='Assumptions'!$B$13 | C11: ='Assumptions'!$B$13 | D11: ='Assumptions'!$B$13 | E11: ='Assumptions'!$B$13 | F11: ='Assumptions'!$B$13 | G11: ='Assumptions'!$B$13 | H11: ='Assumptions'!$B$13 | I11: ='Assumptions'!$B$13 | ... M11: ='Assumptions'!$B$13
A12: Marketing ($) | B12: ='Assumptions'!$B$14 | C12: ='Assumptions'!$B$14 | D12: ='Assumptions'!$B$14 | E12: ='Assumptions'!$B$14 | F12: ='Assumptions'!$B$14 | G12: ='Assumptions'!$B$14 | H12: ='Assumptions'!$B$14 | I12: ='Assumptions'!$B$14 | ... M12: ='Assumptions'!$B$14
A13: Software & Subscriptions ($) | B13: ='Assumptions'!$B$15 | C13: ='Assumptions'!$B$15 | D13: ='Assumptions'!$B$15 | E13: ='Assumptions'!$B$15 | F13: ='Assumptions'!$B$15 | G13: ='Assumptions'!$B$15 | H13: ='Assumptions'!$B$15 | I13: ='Assumptions'!$B$15 | ... M13: ='Assumptions'!$B$15
A14: Insurance ($) | B14: ='Assumptions'!$B$16 | C14: ='Assumptions'!$B$16 | D14: ='Assumptions'!$B$16 | E14: ='Assumptions'!$B$16 | F14: ='Assumptions'!$B$16 | G14: ='Assumptions'!$B$16 | H14: ='Assumptions'!$B$16 | I14: ='Assumptions'!$B$16 | ... M14: ='Assumptions'!$B$16
A15: Other Operating Expenses ($) | B15: ='Assumptions'!$B$17 | C15: ='Assumptions'!$B$17 | D15: ='Assumptions'!$B$17 | E15: ='Assumptions'!$B$17 | F15: ='Assumptions'!$B$17 | G15: ='Assumptions'!$B$17 | H15: ='Assumptions'!$B$17 | I15: ='Assumptions'!$B$17 | ... M15: ='Assumptions'!$B$17
A16: Total Operating Expenses ($) | B16: =SUM(B10:B15) | C16: =SUM(C10:C15) | D16: =SUM(D10:D15) | E16: =SUM(E10:E15) | F16: =SUM(F10:F15) | G16: =SUM(G10:G15) | H16: =SUM(H10:H15) | I16: =SUM(I10:I15) | ... M16: =SUM(M10:M15)
A18: EBITDA ($) | B18: =B7-B16 | C18: =C7-C16 | D18: =D7-D16 | E18: =E7-E16 | F18: =F7-F16 | G18: =G7-G16 | H18: =H7-H16 | I18: =I7-I16 | ... M18: =M7-M16
A19: Depreciation ($) | B19: ='Assumptions'!$B$20/'Assumptions'!$B$21 | C19: ='Assumptions'!$B$20/'Assumptions'!$B$21 | D19: ='Assumptions'!$B$20/'Assumptions'!$B$21 | E19: ='Assumptions'!$B$20/'Assumptions'!$B$21 | F19: ='Assumptions'!$B$20/'Assumptions'!$B$21 | G19: ='Assumptions'!$B$20/'Assumptions'!$B$21 | H19: ='Assumptions'!$B$20/'Assumptions'!$B$21 | I19: ='Assumptions'!$B$20/'Assumptions'!$B$21 | ... M19: ='Assumptions'!$B$20/'Assumptions'!$B$21
A20: EBIT / Operating Income ($) | B20: =B18-B19 | C20: =C18-C19 | D20: =D18-D19 | E20: =E18-E19 | F20: =F18-F19 | G20: =G18-G19 | H20: =H18-H19 | I20: =I18-I19 | ... M20: =M18-M19
A21: Interest Expense ($) | B21: ='Balance Sheet'!B$16*'Assumptions'!$B$30/12 | C21: ='Balance Sheet'!C$16*'Assumptions'!$B$30/12 | D21: ='Balance Sheet'!D$16*'Assumptions'!$B$30/12 | E21: ='Balance Sheet'!E$16*'Assumptions'!$B$30/12 | F21: ='Balance Sheet'!F$16*'Assumptions'!$B$30/12 | G21: ='Balance Sheet'!G$16*'Assumptions'!$B$30/12 | H21: ='Balance Sheet'!H$16*'Assumptions'!$B$30/12 | I21: ='Balance Sheet'!I$16*'Assumptions'!$B$30/12 | ... M21: ='Balance Sheet'!M$16*'Assumptions'!$B$30/12
A22: Earnings Before Tax (EBT) ($) | B22: =B20-B21 | C22: =C20-C21 | D22: =D20-D21 | E22: =E20-E21 | F22: =F20-F21 | G22: =G20-G21 | H22: =H20-H21 | I22: =I20-I21 | ... M22: =M20-M21
A23: Income Tax ($) | B23: =MAX(B22,0)*'Assumptions'!$B$38 | C23: =MAX(C22,0)*'Assumptions'!$B$38 | D23: =MAX(D22,0)*'Assumptions'!$B$38 | E23: =MAX(E22,0)*'Assumptions'!$B$38 | F23: =MAX(F22,0)*'Assumptions'!$B$38 | G23: =MAX(G22,0)*'Assumptions'!$B$38 | H23: =MAX(H22,0)*'Assumptions'!$B$38 | I23: =MAX(I22,0)*'Assumptions'!$B$38 | ... M23: =MAX(M22,0)*'Assumptions'!$B$38
A24: NET INCOME ($) | B24: =B22-B23 | C24: =C22-C23 | D24: =D22-D23 | E24: =E22-E23 | F24: =F22-F23 | G24: =G22-G23 | H24: =H22-H23 | I24: =I22-I23 | ... M24: =M22-M23

Sheet Cash Flow
A1: Cash Flow Statement (12-Month, Indirect Method)
A2: Reconciles Net Income to the change in cash, month by month.
B4: Month 1 | C4: Month 2 | D4: Month 3 | E4: Month 4 | F4: Month 5 | G4: Month 6 | H4: Month 7 | I4: Month 8 | J4: Month 9 | K4: Month 10 | L4: Month 11 | M4: Month 12
A5: Cash Flow from Operations
A6: Net Income ($) | B6: ='Income Statement'!B24 | C6: ='Income Statement'!C24 | D6: ='Income Statement'!D24 | E6: ='Income Statement'!E24 | F6: ='Income Statement'!F24 | G6: ='Income Statement'!G24 | H6: ='Income Statement'!H24 | I6: ='Income Statement'!I24 | ... M6: ='Income Statement'!M24
A7: + Depreciation ($) | B7: ='Income Statement'!B19 | C7: ='Income Statement'!C19 | D7: ='Income Statement'!D19 | E7: ='Income Statement'!E19 | F7: ='Income Statement'!F19 | G7: ='Income Statement'!G19 | H7: ='Income Statement'!H19 | I7: ='Income Statement'!I19 | ... M7: ='Income Statement'!M19
A8: − Increase in Accounts Receivable ($) | B8: =-('Balance Sheet'!C$7-'Balance Sheet'!B$7) | C8: =-('Balance Sheet'!D$7-'Balance Sheet'!C$7) | D8: =-('Balance Sheet'!E$7-'Balance Sheet'!D$7) | E8: =-('Balance Sheet'!F$7-'Balance Sheet'!E$7) | F8: =-('Balance Sheet'!G$7-'Balance Sheet'!F$7) | G8: =-('Balance Sheet'!H$7-'Balance Sheet'!G$7) | H8: =-('Balance Sheet'!I$7-'Balance Sheet'!H$7) | I8: =-('Balance Sheet'!J$7-'Balance Sheet'!I$7) | ... M8: =-('Balance Sheet'!N$7-'Balance Sheet'!M$7)
A9: − Increase in Inventory ($) | B9: =-('Balance Sheet'!C$8-'Balance Sheet'!B$8) | C9: =-('Balance Sheet'!D$8-'Balance Sheet'!C$8) | D9: =-('Balance Sheet'!E$8-'Balance Sheet'!D$8) | E9: =-('Balance Sheet'!F$8-'Balance Sheet'!E$8) | F9: =-('Balance Sheet'!G$8-'Balance Sheet'!F$8) | G9: =-('Balance Sheet'!H$8-'Balance Sheet'!G$8) | H9: =-('Balance Sheet'!I$8-'Balance Sheet'!H$8) | I9: =-('Balance Sheet'!J$8-'Balance Sheet'!I$8) | ... M9: =-('Balance Sheet'!N$8-'Balance Sheet'!M$8)
A10: + Increase in Accounts Payable ($) | B10: =('Balance Sheet'!C$15-'Balance Sheet'!B$15) | C10: =('Balance Sheet'!D$15-'Balance Sheet'!C$15) | D10: =('Balance Sheet'!E$15-'Balance Sheet'!D$15) | E10: =('Balance Sheet'!F$15-'Balance Sheet'!E$15) | F10: =('Balance Sheet'!G$15-'Balance Sheet'!F$15) | G10: =('Balance Sheet'!H$15-'Balance Sheet'!G$15) | H10: =('Balance Sheet'!I$15-'Balance Sheet'!H$15) | I10: =('Balance Sheet'!J$15-'Balance Sheet'!I$15) | ... M10: =('Balance Sheet'!N$15-'Balance Sheet'!M$15)
A11: Cash Flow from Operations ($) | B11: =SUM(B6:B10) | C11: =SUM(C6:C10) | D11: =SUM(D6:D10) | E11: =SUM(E6:E10) | F11: =SUM(F6:F10) | G11: =SUM(G6:G10) | H11: =SUM(H6:H10) | I11: =SUM(I6:I10) | ... M11: =SUM(M6:M10)
A13: Cash Flow from Investing
A14: Capital Expenditures ($) | B14: 0 | C14: 0 | D14: 0 | E14: 0 | F14: 0 | G14: 0 | H14: 0 | I14: 0 | J14: 0 | K14: 0 | L14: 0 | M14: 0
A15: Cash Flow from Investing ($) | B15: =B14 | C15: =C14 | D15: =D14 | E15: =E14 | F15: =F14 | G15: =G14 | H15: =H14 | I15: =I14 | ... M15: =M14
A17: Cash Flow from Financing
A18: Loan Principal Repayment ($) | B18: =-('Assumptions'!$B$31-'Income Statement'!B21) | C18: =-('Assumptions'!$B$31-'Income Statement'!C21) | D18: =-('Assumptions'!$B$31-'Income Statement'!D21) | E18: =-('Assumptions'!$B$31-'Income Statement'!E21) | F18: =-('Assumptions'!$B$31-'Income Statement'!F21) | G18: =-('Assumptions'!$B$31-'Income Statement'!G21) | H18: =-('Assumptions'!$B$31-'Income Statement'!H21) | I18: =-('Assumptions'!$B$31-'Income Statement'!I21) | ... M18: =-('Assumptions'!$B$31-'Income Statement'!M21)
A19: Owner's Draw ($) | B19: =-'Assumptions'!$B$35 | C19: =-'Assumptions'!$B$35 | D19: =-'Assumptions'!$B$35 | E19: =-'Assumptions'!$B$35 | F19: =-'Assumptions'!$B$35 | G19: =-'Assumptions'!$B$35 | H19: =-'Assumptions'!$B$35 | I19: =-'Assumptions'!$B$35 | ... M19: =-'Assumptions'!$B$35
A20: Cash Flow from Financing ($) | B20: =SUM(B18:B19) | C20: =SUM(C18:C19) | D20: =SUM(D18:D19) | E20: =SUM(E18:E19) | F20: =SUM(F18:F19) | G20: =SUM(G18:G19) | H20: =SUM(H18:H19) | I20: =SUM(I18:I19) | ... M20: =SUM(M18:M19)
A22: NET CHANGE IN CASH ($) | B22: =B11+B15+B20 | C22: =C11+C15+C20 | D22: =D11+D15+D20 | E22: =E11+E15+E20 | F22: =F11+F15+F20 | G22: =G11+G15+G20 | H22: =H11+H15+H20 | I22: =I11+I15+I20 | ... M22: =M11+M15+M20
A23: Cash, Beginning of Month ($) | B23: ='Balance Sheet'!B$6 | C23: ='Balance Sheet'!C$6 | D23: ='Balance Sheet'!D$6 | E23: ='Balance Sheet'!E$6 | F23: ='Balance Sheet'!F$6 | G23: ='Balance Sheet'!G$6 | H23: ='Balance Sheet'!H$6 | I23: ='Balance Sheet'!I$6 | ... M23: ='Balance Sheet'!M$6
A24: Cash, End of Month ($) | B24: =B23+B22 | C24: =C23+C22 | D24: =D23+D22 | E24: =E23+E22 | F24: =F23+F22 | G24: =G23+G22 | H24: =H23+H22 | I24: =I23+I22 | ... M24: =M23+M22

Sheet Balance Sheet
A1: Balance Sheet (Opening + 12-Month)
A2: Cash ties to the Cash Flow Statement; Net Income flows into Owner's Equity. Balance Check confirms it always balances.
B4: Opening | C4: Month 1 | D4: Month 2 | E4: Month 3 | F4: Month 4 | G4: Month 5 | H4: Month 6 | I4: Month 7 | J4: Month 8 | K4: Month 9 | L4: Month 10 | M4: Month 11 | N4: Month 12
A5: ASSETS
A6: Cash ($) | B6: ='Assumptions'!$B$41 | C6: ='Cash Flow'!B24 | D6: ='Cash Flow'!C24 | E6: ='Cash Flow'!D24 | F6: ='Cash Flow'!E24 | G6: ='Cash Flow'!F24 | H6: ='Cash Flow'!G24 | I6: ='Cash Flow'!H24 | J6: ='Cash Flow'!I24 | ... N6: ='Cash Flow'!M24
A7: Accounts Receivable ($) | B7: 0 | C7: ='Income Statement'!B5*'Assumptions'!$B$24/30 | D7: ='Income Statement'!C5*'Assumptions'!$B$24/30 | E7: ='Income Statement'!D5*'Assumptions'!$B$24/30 | F7: ='Income Statement'!E5*'Assumptions'!$B$24/30 | G7: ='Income Statement'!F5*'Assumptions'!$B$24/30 | H7: ='Income Statement'!G5*'Assumptions'!$B$24/30 | I7: ='Income Statement'!H5*'Assumptions'!$B$24/30 | J7: ='Income Statement'!I5*'Assumptions'!$B$24/30 | ... N7: ='Income Statement'!M5*'Assumptions'!$B$24/30
A8: Inventory ($) | B8: 0 | C8: ='Income Statement'!B6*'Assumptions'!$B$25/30 | D8: ='Income Statement'!C6*'Assumptions'!$B$25/30 | E8: ='Income Statement'!D6*'Assumptions'!$B$25/30 | F8: ='Income Statement'!E6*'Assumptions'!$B$25/30 | G8: ='Income Statement'!F6*'Assumptions'!$B$25/30 | H8: ='Income Statement'!G6*'Assumptions'!$B$25/30 | I8: ='Income Statement'!H6*'Assumptions'!$B$25/30 | J8: ='Income Statement'!I6*'Assumptions'!$B$25/30 | ... N8: ='Income Statement'!M6*'Assumptions'!$B$25/30
A9: Total Current Assets ($) | B9: =SUM(B6:B8) | C9: =SUM(C6:C8) | D9: =SUM(D6:D8) | E9: =SUM(E6:E8) | F9: =SUM(F6:F8) | G9: =SUM(G6:G8) | H9: =SUM(H6:H8) | I9: =SUM(I6:I8) | ... N9: =SUM(N6:N8)
A11: Fixed Assets, Net ($) | B11: ='Assumptions'!$B$20 | C11: =B11-'Income Statement'!B19 | D11: =C11-'Income Statement'!C19 | E11: =D11-'Income Statement'!D19 | F11: =E11-'Income Statement'!E19 | G11: =F11-'Income Statement'!F19 | H11: =G11-'Income Statement'!G19 | I11: =H11-'Income Statement'!H19 | J11: =I11-'Income Statement'!I19 | ... N11: =M11-'Income Statement'!M19
A12: TOTAL ASSETS ($) | B12: =B9+B11 | C12: =C9+C11 | D12: =D9+D11 | E12: =E9+E11 | F12: =F9+F11 | G12: =G9+G11 | H12: =H9+H11 | I12: =I9+I11 | ... N12: =N9+N11
A14: LIABILITIES
A15: Accounts Payable ($) | B15: 0 | C15: ='Income Statement'!B6*'Assumptions'!$B$26/30 | D15: ='Income Statement'!C6*'Assumptions'!$B$26/30 | E15: ='Income Statement'!D6*'Assumptions'!$B$26/30 | F15: ='Income Statement'!E6*'Assumptions'!$B$26/30 | G15: ='Income Statement'!F6*'Assumptions'!$B$26/30 | H15: ='Income Statement'!G6*'Assumptions'!$B$26/30 | I15: ='Income Statement'!H6*'Assumptions'!$B$26/30 | J15: ='Income Statement'!I6*'Assumptions'!$B$26/30 | ... N15: ='Income Statement'!M6*'Assumptions'!$B$26/30
A16: Loan Balance ($) | B16: ='Assumptions'!$B$29 | C16: =B16-('Assumptions'!$B$31-'Income Statement'!B21) | D16: =C16-('Assumptions'!$B$31-'Income Statement'!C21) | E16: =D16-('Assumptions'!$B$31-'Income Statement'!D21) | F16: =E16-('Assumptions'!$B$31-'Income Statement'!E21) | G16: =F16-('Assumptions'!$B$31-'Income Statement'!F21) | H16: =G16-('Assumptions'!$B$31-'Income Statement'!G21) | I16: =H16-('Assumptions'!$B$31-'Income Statement'!H21) | J16: =I16-('Assumptions'!$B$31-'Income Statement'!I21) | ... N16: =M16-('Assumptions'!$B$31-'Income Statement'!M21)
A17: TOTAL LIABILITIES ($) | B17: =B15+B16 | C17: =C15+C16 | D17: =D15+D16 | E17: =E15+E16 | F17: =F15+F16 | G17: =G15+G16 | H17: =H15+H16 | I17: =I15+I16 | ... N17: =N15+N16
A19: EQUITY
A20: Owner's Equity ($) | B20: ='Assumptions'!$B$34 | C20: =B20+'Income Statement'!B24-'Assumptions'!$B$35 | D20: =C20+'Income Statement'!C24-'Assumptions'!$B$35 | E20: =D20+'Income Statement'!D24-'Assumptions'!$B$35 | F20: =E20+'Income Statement'!E24-'Assumptions'!$B$35 | G20: =F20+'Income Statement'!F24-'Assumptions'!$B$35 | H20: =G20+'Income Statement'!G24-'Assumptions'!$B$35 | I20: =H20+'Income Statement'!H24-'Assumptions'!$B$35 | J20: =I20+'Income Statement'!I24-'Assumptions'!$B$35 | ... N20: =M20+'Income Statement'!M24-'Assumptions'!$B$35
A21: TOTAL LIABILITIES + EQUITY ($) | B21: =B17+B20 | C21: =C17+C20 | D21: =D17+D20 | E21: =E17+E20 | F21: =F17+F20 | G21: =G17+G20 | H21: =H17+H20 | I21: =I17+I20 | ... N21: =N17+N20
A23: BALANCE CHECK
A24: Difference (Should Be Zero, $) | B24: =B12-B21 | C24: =C12-C21 | D24: =D12-D21 | E24: =E12-E21 | F24: =F12-F21 | G24: =G12-G21 | H24: =H12-H21 | I24: =I12-I21 | ... N24: =N12-N21
A25: Status | B25: =IF(ROUND(B24,2)=0,"OK","CHECK") | C25: =IF(ROUND(C24,2)=0,"OK","CHECK") | D25: =IF(ROUND(D24,2)=0,"OK","CHECK") | E25: =IF(ROUND(E24,2)=0,"OK","CHECK") | F25: =IF(ROUND(F24,2)=0,"OK","CHECK") | G25: =IF(ROUND(G24,2)=0,"OK","CHECK") | H25: =IF(ROUND(H24,2)=0,"OK","CHECK") | I25: =IF(ROUND(I24,2)=0,"OK","CHECK") | ... N25: =IF(ROUND(N24,2)=0,"OK","CHECK")

Sheet Dashboard
A1: Dashboard — Year 1 Summary
A2: Key results pulled automatically from the three statements.
A4: Headline Numbers
A5: Year 1 Total Revenue ($) | B5: =SUM('Income Statement'!B5:M5)
A6: Year 1 Total Net Income ($) | B6: =SUM('Income Statement'!B24:M24)
A7: Ending Cash Balance, Month 12 ($) | B7: ='Balance Sheet'!N6
A8: Ending Loan Balance, Month 12 ($) | B8: ='Balance Sheet'!N16
A9: Net Profit Margin, Month 12 (%) | B9: ='Income Statement'!M24/'Income Statement'!M5
A10: All 12 Months Balanced? | B10: =IF(COUNTIF('Balance Sheet'!C25:N25,"OK")=12,"YES ✓","CHECK")
A13: Monthly Trend Data
B14: Month 1 | C14: Month 2 | D14: Month 3 | E14: Month 4 | F14: Month 5 | G14: Month 6 | H14: Month 7 | I14: Month 8 | J14: Month 9 | K14: Month 10 | L14: Month 11 | M14: Month 12
A15: Revenue ($) | B15: ='Income Statement'!B5 | C15: ='Income Statement'!C5 | D15: ='Income Statement'!D5 | E15: ='Income Statement'!E5 | F15: ='Income Statement'!F5 | G15: ='Income Statement'!G5 | H15: ='Income Statement'!H5 | I15: ='Income Statement'!I5 | ... M15: ='Income Statement'!M5
A16: Net Income ($) | B16: ='Income Statement'!B24 | C16: ='Income Statement'!C24 | D16: ='Income Statement'!D24 | E16: ='Income Statement'!E24 | F16: ='Income Statement'!F24 | G16: ='Income Statement'!G24 | H16: ='Income Statement'!H24 | I16: ='Income Statement'!I24 | ... M16: ='Income Statement'!M24
A17: Ending Cash ($) | B17: ='Balance Sheet'!C6 | C17: ='Balance Sheet'!D6 | D17: ='Balance Sheet'!E6 | E17: ='Balance Sheet'!F6 | F17: ='Balance Sheet'!G6 | G17: ='Balance Sheet'!H6 | H17: ='Balance Sheet'!I6 | I17: ='Balance Sheet'!J6 | ... M17: ='Balance Sheet'!N6
